[ AOE2 MATCH · #484201613 ]
1v1 RMSpanish vs Koreans
Player's team · LOSS
Rival team · WIN
[ REPLAY ANALYSIS · EXTRACTED FROM THE RECORDED GAME ]
Feudal
9:02
Castle
18:52
Imperial
—
| APM avg | 16.0 |
| APM peak | 50 |
| eAPM avg | 8.0 |
| Villagers / military | 32 / 10 |
Focus
⚔️ 20.9% · 🌾 79.1%
Knight ×10
Feudal
8:53
Castle
26:48
Imperial
—
| APM avg | 19.8 |
| APM peak | 51 |
| eAPM avg | 11.0 |
| Villagers / military | 50 / 46 |
Focus
⚔️ 21.2% · 🌾 78.8%
Archer ×37 · War Wagon ×5 · Spearman ×4
Match map
Initial resources + every placement click. Lines = walls · curves = elevation contours. ◆ gold · ⬟ stone · ● berries · ✦ relic · ◌ wall gap
Your base· Open — 6t gap
LewisWar96's base· Open — unwalled flank
Smoothed initial terrain · ◌ = detected wall gap · hover for details
Inputs per minute
— neogolem0403 - - LewisWar96
Build order — neogolem0403
87 actions detected in the replay
| 0:08 | Build | Mill |
| 0:11 | Build | House |
| 0:13 | Build | House |
| 0:14 | Research | Loom |
| 0:14 | Create | Villager (Male) |
| 0:15 | Create | Villager (Male) |
| 0:15 | Create | Villager (Male) |
| 1:24 | Create | Villager (Male) |
| 1:35 | Create | Villager (Male) |
| 2:08 | Create | Villager (Male) |
| 2:08 | Create | Villager (Male) |
| 2:40 | Create | Villager (Male) |
| 3:26 | Create | Villager (Male) |
| 3:26 | Create | Villager (Male) |
| 4:18 | Create | Villager (Male) |
| 4:19 | Create | Villager (Male) |
| 4:19 | Create | Villager (Male) |
| 4:40 | Build | Lumber Camp |
| 4:44 | Build | Palisade Gate |
| 4:49 | Build | Palisade Wall |
| 5:01 | Build | House |
| 5:06 | Create | Villager (Male) |
| 5:06 | Create | Villager (Male) |
| 5:43 | Build | Palisade Gate |
| 6:48 | Create | Villager (Male) |
| 6:49 | Create | Villager (Male) |
| 6:49 | Create | Villager (Male) |
| 6:52 | Research | Feudal Age |
| 6:58 | Build | House |
| 7:01 | Build | Palisade Wall |
| 8:33 | Build | Mining Camp |
| 9:02 | Age | Feudal Age |
| 9:03 | Build | Mill |
| 10:48 | Build | Barracks |
| 10:58 | Build | Farm |
| 11:00 | Build | Farm |
| 11:10 | Build | Farm |
| 11:30 | Build | Farm |
| 11:50 | Build | Farm |
| 12:20 | Research | Wheelbarrow |
| 12:23 | Research | Double-Bit Axe |
| 13:28 | Build | Market |
| 14:08 | Build | Mill |
| 15:31 | Build | Blacksmith |
| 16:12 | Research | Castle Age |
| 17:07 | Build | Mining Camp |
| 17:10 | Research | Gold Mining |
| 17:20 | Build | Mining Camp |
| 17:52 | Research | Town Watch |
| 18:52 | Age | Castle Age |
| 18:58 | Build | Castle |
| 19:01 | Build | House |
| 19:06 | Build | Palisade Gate |
| 19:13 | Build | Palisade Wall |
| 19:24 | Build | Palisade Wall |
| 19:29 | Build | Palisade Wall |
| 20:36 | Build | Farm |
| 20:52 | Build | Stable |
| 21:18 | Create | Knight |
| 21:19 | Create | Knight |
| 21:19 | Create | Knight |
| 21:19 | Create | Knight |
| 21:20 | Create | Knight |
| 21:20 | Create | Knight |
| 21:20 | Create | Knight |
| 21:34 | Create | Villager (Male) |
| 21:34 | Create | Villager (Male) |
| 21:34 | Create | Villager (Male) |
| 21:35 | Create | Villager (Male) |
| 22:12 | Build | Farm |
| 22:14 | Create | Villager (Male) |
| 22:49 | Build | Lumber Camp |
| 23:30 | Create | Knight |
| 23:30 | Create | Knight |
| 23:30 | Create | Knight |
| 23:48 | Build | Farm |
| 26:35 | Build | Town Center |
| 26:37 | Create | Villager (Male) |
| 26:37 | Create | Villager (Male) |
| 26:37 | Create | Villager (Male) |
| 26:38 | Create | Villager (Male) |
| 27:17 | Build | Town Center |
| 27:34 | Create | Villager (Male) |
| 27:35 | Create | Villager (Male) |
| 28:27 | Create | Villager (Male) |
| 28:27 | Create | Villager (Male) |
| 28:27 | Create | Villager (Male) |
Build order — LewisWar96
118 actions detected in the replay
| 0:08 | Build | House |
| 0:09 | Build | House |
| 0:11 | Create | Villager (Male) ×2 |
| 0:28 | Build | Lumber Camp |
| 0:38 | Create | Villager (Male) |
| 1:06 | Create | Villager (Male) |
| 2:07 | Create | Villager (Male) ×4 |
| 4:11 | Build | Mill |
| 4:13 | Create | Villager (Male) ×5 |
| 6:13 | Create | Villager (Male) |
| 6:24 | Build | House |
| 6:41 | Research | Feudal Age |
| 6:52 | Build | Lumber Camp |
| 8:36 | Create | Villager (Male) ×3 |
| 8:53 | Age | Feudal Age |
| 8:53 | Build | Farm |
| 8:54 | Build | Farm |
| 8:54 | Build | Farm |
| 8:54 | Build | Farm |
| 8:54 | Build | Farm |
| 8:55 | Build | Farm |
| 8:55 | Build | Farm |
| 8:55 | Build | Farm |
| 8:55 | Build | Farm |
| 8:55 | Build | Farm |
| 8:55 | Build | Farm |
| 9:02 | Research | Horse Collar |
| 9:19 | Research | Loom |
| 9:26 | Create | Villager (Male) |
| 10:38 | Research | Double-Bit Axe |
| 10:41 | Create | Villager (Male) ×2 |
| 11:14 | Build | Blacksmith |
| 11:22 | Create | Villager (Male) |
| 11:22 | Create | Villager (Male) |
| 11:50 | Build | Mill |
| 12:03 | Build | House |
| 12:04 | Build | House |
| 12:05 | Build | House |
| 12:16 | Research | Forging |
| 12:25 | Build | Barracks |
| 12:38 | Build | Lumber Camp |
| 13:32 | Create | Villager (Male) ×5 |
| 13:49 | Build | Archery Range |
| 13:50 | Build | Archery Range |
| 14:07 | Build | Mining Camp |
| 14:59 | Create | Archer |
| 15:09 | Create | Villager (Male) |
| 15:43 | Create | Villager (Male) ×5 |
| 16:02 | Create | Archer |
| 16:05 | Create | Archer |
| 16:34 | Research | Gold Mining |
| 16:39 | Research | Fletching |
| 16:42 | Create | Archer |
| 17:05 | Build | Lumber Camp |
| 17:13 | Create | Villager (Male) |
| 17:13 | Create | Villager (Male) |
| 17:13 | Create | Villager (Male) |
| 17:22 | Build | House |
| 17:22 | Build | House |
| 17:24 | Build | House |
| 17:30 | Create | Archer ×4 |
| 17:40 | Research | Wheelbarrow |
| 17:48 | Research | Town Watch |
| 18:07 | Create | Spearman |
| 18:09 | Create | Spearman |
| 18:20 | Build | House |
| 18:21 | Build | House |
| 18:22 | Build | House |
| 18:23 | Build | House |
| 18:36 | Create | Villager (Male) |
| 18:41 | Create | Archer ×5 |
| 18:53 | Research | Scale Barding Armor |
| 20:48 | Create | Archer ×5 |
| 20:48 | Create | Archer ×5 |
| 21:08 | Build | Mining Camp |
| 21:12 | Create | Villager (Male) |
| 21:35 | Create | Archer ×4 |
| 21:46 | Create | Villager (Male) ×5 |
| 21:57 | Research | Stone Mining |
| 22:55 | Create | Archer ×5 |
| 23:05 | Build | Market |
| 24:08 | Research | Castle Age |
| 24:15 | Create | Villager (Male) ×5 |
| 24:59 | Build | Farm |
| 24:59 | Build | Farm |
| 24:59 | Build | Farm |
| 24:59 | Build | Farm |
| 24:59 | Build | Farm |
| 24:59 | Build | Farm |
| 25:00 | Build | Farm |
| 25:00 | Build | Farm |
| 25:00 | Build | Farm |
| 25:00 | Build | Farm |
| 25:00 | Build | Farm |
| 25:01 | Build | Farm |
| 26:16 | Create | Spearman |
| 26:16 | Create | Spearman |
| 26:48 | Age | Castle Age |
| 26:50 | Research | Arson |
| 26:57 | Research | Crossbowman (upgrade) |
| 26:59 | Research | Thumb Ring |
| 27:02 | Create | Villager (Male) |
| 27:11 | Build | Castle |
| 27:25 | Build | Monastery |
| 27:28 | Research | Heavy Plow |
| 27:48 | Build | University |
| 27:49 | Create | Villager (Male) |
| 27:59 | Create | Archer ×5 |
| 28:09 | Build | House |
| 28:10 | Build | House |
| 28:10 | Build | House |
| 28:11 | Build | House |
| 28:12 | Build | House |
| 28:12 | Build | House |
| 28:25 | Research | Squires |
| 28:40 | Create | War Wagon ×5 |
| 28:57 | Build | Farm |
| 28:59 | Research | Ballistics |
Match timeline
| 4:49 | neogolem0403 · wall_segment Palisade Wall x6 |
| 7:01 | neogolem0403 · wall_segment Palisade Wall x4 |
| 8:53 | LewisWar96 · age_up feudal |
| 9:02 | neogolem0403 · age_up feudal |
| 10:48 | neogolem0403 · first_building Barracks |
| 12:25 | LewisWar96 · first_building Barracks |
| 13:49 | LewisWar96 · first_building Archery Range |
| 14:59 | neogolem0403 · first_market_sell 100 wood |
| 18:52 | neogolem0403 · age_up castle |
| 18:58 | neogolem0403 · first_building Castle |
| 19:13 | neogolem0403 · wall_segment Palisade Wall x3 |
| 19:24 | neogolem0403 · wall_segment Palisade Wall x1 |
| 19:29 | neogolem0403 · wall_segment Palisade Wall x1 |
| 20:49 | neogolem0403 · first_market_buy 100 wood |
| 20:52 | neogolem0403 · first_building Stable |
| 26:48 | LewisWar96 · age_up castle |
| 27:11 | LewisWar96 · first_building Castle |
| 27:25 | LewisWar96 · first_building Monastery |
| 30:03 | neogolem0403 · resign |
[ AI ANALYSIS · 1 CREDIT ]
What really happened in this match?
Wolo.gg analyzes every decision: build order, eco, micro, common mistakes by bracket. Personalized analysis on WhatsApp or Discord in 30 seconds.
Civ guide
Spanish
Map guide
QS Runestones
Perfil
Jugador #5330171